Description

  • 12 depot
  • 13 gas (50s)
  • 14 rax
    • 2 marines
    • Tech lab
    • Swap off tech lab
    • 1-2 more marines
    • reactor
  • 1:30 - SCV scout
  • 17 orbital + marine
  • 18 factory
    • Swap onto tech lab
    • 2x Cyclones
    • Swap off and build tech lab
    • Tank production
  • 18 depot + 2nd marine
  • 20 tech lab
  • 22 CC (~2:50) + cyclone
  • 26 depot
  • 27 2nd gas + 3rd marine
  • 29 2nd cyclone
  • 33 3rd gas on natural (natural CC at around 75% complete)
  • 33 starport + reactor
  • 35 lift factory and build new tech lab
  • Starport goes onto tech lab and builds ravens

    - Factory builds tanks

VOD

https://www.youtube.com/watch?v=Gwt8_wOuU0w

Replay - PiG TvT 8 worker beginner opener

Build Order

Get SALT Encoding   

  8  0:00  SCV  
  9  0:12  SCV  
  10  0:24  SCV  
  11  0:36  SCV  
  11  0:39  Supply Depot  
  12  0:49  SCV  
  13  0:50  Refinery  
  13  1:01  SCV  
  14  1:05  Barracks  
  14  1:13  SCV  
  15  1:25  SCV  
  16  1:37  SCV  
  17  1:51  Orbital Command  
  17  1:52  Marine  
  17  1:53  Factory  
  18  2:08  Supply Depot  
  18  2:16  Marine  
  18  2:18  SCV  
  20  2:30  SCV  
  20  2:34  Barracks Tech Lab  
  21  2:42  SCV  
  22  2:51  Command Center  
  22  2:58  Cyclone  
  25  3:03  SCV  
  26  3:07  Supply Depot  
  26  3:09  Marine  
  27  3:15  Refinery, SCV  
  28  3:28  SCV  
  28  3:30  Cyclone  
  32  3:43  SCV  
  33  3:50  Starport  
  33  3:53  Refinery, Barracks Reactor  
  33  3:55  SCV  
  34  4:04  Orbital Command  
  34  4:07  SCV  
  35  4:17  Factory Tech Lab  
  35  4:19  SCV  
  36  4:30  SCV x2  
  38  4:37  Supply Depot  
  47  4:52  Supply Depot  
Spawning Tool Build Advisor. Get it on Overwolf

Go to:

Details

  • Created by: amentini
  • Published on: Jun 25, 2026
  • Modified on: Jun 25, 2026
  • Patch: 5.0.16
  • Difficulty: Medium
Show
View Real Time Build Order
Export as new Build Order

Comments (0)

There are no comments. Be the first!

Create an account to comment!